 Dungeon Sprint DCSS version 0.19-a0-1568-gdd01aac (webtiles) character file.

434 Tesnorth the Basher (level 6, -1/62 HPs)
             Began as a Minotaur Berserker on Sept 15, 2016.
             Was a Believer of Trog.
             Succumbed to Sonja's poison
             ... in the Dungeon (Sprint I: "Red Sonja").
             The game lasted 00:02:20 (315 turns).

Tesnorth the Basher (Minotaur Berserker)             Turns: 315, Time: 00:02:21

Health: -1/62      AC:  6    Str: 21    XL:     6   Next: 67%
Magic:  5/5        EV: 14    Int:  4    God:    Trog [**....]
Gold:   297        SH:  0    Dex: 12    Spells: 0 memorised, 5 levels left

rFire  . . .     SeeInvis .     a - +0 mace
rCold  . . .     Gourm    .     i - +0 ring mail
rNeg   . . .     Faith    .     (no shield)
rPois  .         Spirit   .     (helmet restricted)
rElec  .         Dismiss  .     (no cloak)
rCorr  .         Reflect  .     (no gloves)
MR     ++...     Harm     .     (no boots)
Stlth  +......... NoTele   +    (no amulet)
                                (no ring)
                                (no ring)

@: lethally poisoned (-1 -> -50), very slightly contaminated, regenerating
A: retaliatory headbutt, horns 2
a: Berserk, Trog's Hand, Burn Spellbooks, Renounce Religion


You were in the Dungeon.
You worshipped Trog.
Trog was pleased with you.
You were very hungry.

You visited 1 branch You collected 297 gold pieces.

Inventory:

Hand Weapons
 a - a +0 mace (weapon)
Armour
 b - a +0 animal skin
 i - a +0 ring mail (worn)
Scrolls
 j - a scroll of remove curse {unknown}
Potions
 f - a potion of haste
 g - 2 potions of magic
 h - a potion of berserk rage
Comestibles
 c - a bread ration


   Skills:
 + Level 8.6 Fighting
 * Level 11.3 Maces & Flails
 + Level 8.0 Armour
 + Level 7.3 Dodging


You had 5 spell levels left.
You didn't know any spells.

Dungeon Overview and Level Annotations

Branches:
Dungeon (1/1)

Altars:
Cheibriados
Dithmenos
Elyvilon
Fedhas
Gozag
Hepliaklqana
Kikubaaqudgha
Makhleb
Nemelex Xobeh
Okawaru
Qazlal
Ru
Sif Muna
Trog
Uskayaw
Vehumet
Xom
Yredelemnul
Zin
The Shining One
Jiyva
Lugonu

Shops:
D ?

Annotations:
D Sonja


Innate Abilities, Weirdness & Mutations

You reflexively headbutt those who attack you in melee.
You have a pair of horns on your head.


Message History

* * * LOW HITPOINT WARNING * * *
You feel extremely sick.
Sonja misses you. x2; Sonja closely misses you.
Sonja gestures wildly while chanting.
Sonja blinks!
Okay, then.
Really read
B - a scroll of blinking {!r}?
Blink to where?
Press: ? - help, Dir - move target cursor You are very lightly contaminated with residual magic.
As you read the scroll of blinking {!r}, it crumbles to dust.
* * * LOW HITPOINT WARNING * * *
You feel extremely sick.
Your skin crawls.
You feel resistant to hostile enchantments.
You feel somewhat more hungry.
* * * LOW HITPOINT WARNING * * *
You feel extremely sick.
Okay, then.
You die...

################ ##
#<.#..'..#..'..#__#
#..)..#..').#..+J.+
#..#####'#####@#__#
#..####..#...#)# ##
#..#__####..##.#
#..#_____##'#..+
#⌠⌠#_.∩K..'..._#
####_..__##_(#+#
#_____###'# #######
#.# $.$


There were no monsters in sight!

Vanquished Creatures
  Sigmund (D)
  A yak (D)
  An ogre (D)
  A jelly (D)
  Ijyb (D)
5 creatures vanquished.

Notes
Turn   | Place    | Note
-------+----------+-------------------------------------------
     0 | D        | Tesnorth the Minotaur Berserker began the quest for the Orb.
     0 | D        | Reached XP level 1. HP: 19/19 MP: 0/0
     1 | D        | Noticed Ijyb
     7 | D        | Killed Ijyb
     7 | D        | Reached skill level 5 in Maces & Flails
     7 | D        | Reached XP level 2. HP: 28/28 MP: 1/1
    40 | D        | Noticed an ogre
    51 | D        | Killed an ogre
    51 | D        | Reached skill level 7 in Maces & Flails
    51 | D        | Reached skill level 5 in Armour
    51 | D        | Reached XP level 3. HP: 37/37 MP: 2/2
    51 | D        | Reached XP level 4. HP: 44/44 MP: 3/3
    84 | D        | Noticed Sigmund
    89 | D        | Killed Sigmund
    89 | D        | Reached ** piety under Trog
    89 | D        | Reached skill level 10 in Maces & Flails
    89 | D        | Reached XP level 5. HP: 52/52 MP: 4/4
   125 | D        | Found a burning altar of Makhleb.
   125 | D        | Found a viscous altar of Jiyva.
   125 | D        | Found a shimmering altar of Xom.
   125 | D        | Found a corrupted altar of Lugonu.
   125 | D        | Noticed a slime creature
   127 | D        | Found a deep blue altar of Sif Muna.
   129 | D        | Found a radiant altar of Vehumet.
   132 | D        | Reached XP level 6. HP: 56/61 MP: 5/5
   149 | D        | Found Ycsozu's Magic Scroll Emporium.
   149 | D        | Found an ancient bone altar of Kikubaaqudgha.
   149 | D        | Found a hazy altar of Hepliaklqana.
   149 | D        | Found a hide-covered altar of Uskayaw.
   149 | D        | Found a basalt altar of Yredelemnul.
   149 | D        | Found an opulent altar of Gozag.
   149 | D        | Found a snail-covered altar of Cheibriados.
   149 | D        | Found a sacrificial altar of Ru.
   149 | D        | Found a shadowy altar of Dithmenos.
   149 | D        | Noticed a yak
   152 | D        | Found a stormy altar of Qazlal.
   152 | D        | Found a blossoming altar of Fedhas.
   152 | D        | Found a bloodstained altar of Trog.
   152 | D        | Found an iron altar of Okawaru.
   152 | D        | Found a glowing silver altar of Zin.
   158 | D        | Killed a yak
   158 | D        | Reached skill level 11 in Maces & Flails
   160 | D        | Found a glowing golden altar of the Shining One.
   160 | D        | Found a white marble altar of Elyvilon.
   162 | D        | Found a sparkling altar of Nemelex Xobeh.
   299 | D        | Noticed Sonja
   300 | D        | lol
   306 | D        | Paralysed by Sonja for 6 turns
   314 | D        | HP: 3/62 [poisoned by Sonja]
   315 | D        | Succumbed to Sonja's poison

Vault maps used:
D:        dungeon_sprint_1

Skill      XL: |  1  2  3  4  5  6 |
---------------+-------------------+-----
Fighting       | 4 6 7 8 |  8.6
Maces & Flails | 5 7 10 11 | 11.3
Armour         | 3 5 7 8 |  8.0
Dodging        | 3 4 6 7 |  7.3

Action                   |  1- 3 |  4- 6 || total
-------------------------+-------+-------++-------
Melee: Mace              |     7 |    14 ||    21
       Headbutt          |       |     4 ||     4
Invok: Berserk           |     2 |     1 ||     3
       Trog's Hand       |       |     1 ||     1
  Use: Potion            |       |     2 ||     2
       Scroll            |       |     1 ||     1
Armor: Ring mail         |       |    10 ||    10
Dodge: Dodged            |     2 |    14 ||    16

Vault maps used:
D:        dungeon_sprint_1
